 Dungeon Crawl Stone Soup version 0.22-a0-422-g9628fc8 (webtiles) character file.

109 4thArraOfDagon the Magician (level 4, -4/30 HPs)
             Began as a Mummy Fire Elementalist on May 16, 2018.
             Slain by galech's ghost (6 damage)
             ... on level 4 of the Dungeon.
             The game lasted 00:03:33 (651 turns).

4thArraOfDagon the Magician (MuFE)                   Turns: 651, Time: 00:03:33

Health: -4/30      AC:  3    Str: 11    XL:     4   Next: 59%
Magic:  0/9        EV: 12    Int: 15    God:
Gold:   78         SH:  0    Dex: 12    Spells: 2/10 levels left

rFire    x . .     SeeInvis .   f - +0 falchion
rCold    + . .     Gourm    .   (no shield)
rNeg     + + +     Faith    .   a - +0 robe
rPois    ∞         Spirit   .   c - +0 helmet
rElec    .         Reflect  .   (no cloak)
rCorr    .         Harm     .   (no gloves)
MR       .....                  (no boots)
Stlth    ++........             (no amulet)
HPRegen  0.10/turn              (no ring)
MPRegen  0.11/turn              (no ring)

@: no status effects
A: no food or potions, fire vulnerability, cold resistance 1, negative energy
resistance 3, torment resistance, unbreathing
a: no special abilities


You were on level 4 of the Dungeon.
You were not hungry.

You visited 1 branch of the dungeon, and saw 4 of its levels.

You collected 78 gold pieces.

Inventory:

Hand Weapons
 f - a +0 falchion (weapon)
Armour
 a - a +0 robe (worn)
 c - a +0 helmet (worn)
Wands
 g - a wand of polymorph (20)
 h - a wand of digging (6)
 i - a wand of flame (16)
Scrolls
 b - a scroll of noise {unknown}
 d - 4 scrolls of remove curse {unknown}
 e - 2 scrolls of magic mapping {unknown}


   Skills:
 - Level 1.5 Dodging
 - Level 1.5 Stealth
 + Level 3.5 Spellcasting
 * Level 2.3 Conjurations
 * Level 3.4 Fire Magic


You had 2 spell levels left.
You knew the following spells:

 Your Spells              Type           Power        Failure   Level  Hunger
a - Flame Tongue          Conj/Fire      ##...        6%          1    N/A
b - Conjure Flame         Conj/Fire      ##......     17%         3    N/A
c - Sticky Flame          Conj/Fire      ##......     50%         4    N/A

Your spell library contained the following spells:

 Spells                   Type           Power        Failure   Level  Hunger
 Fireball                 Conj/Fire      ##........   85%         5    N/A
 Throw Flame              Conj/Fire      ##....       9%          2    N/A
 Inner Flame              Hex/Fire       #.......     28%         3    N/A

Dungeon Overview and Level Annotations

Branches:
Dungeon (4/15)
 Temple: D:4-7

Altars:
Ashenzari
Ru
The Shining One

Annotations:
D:4 galech's ghost, novice GnWn


Innate Abilities, Weirdness & Mutations

You do not eat or drink.
Your flesh is vulnerable to fire.
You are immune to poison.
Your flesh is cold resistant. (rC+)
You are immune to negative energy. (rN+++)
You are immune to unholy pain and torment.
You can survive without breathing.


Message History

Galech's ghost is severely damaged.
Galech's ghost hits you!
Unknown command.
Evoke which item? (* to show all) (? for menu, Esc to quit)
Aiming: Throw Flame
Press: ? - help, Shift-Dir - straight line, f/p - galech's ghost
Aim: galech's ghost (severely damaged)
The puff of flame misses galech's ghost.
Galech's ghost hits you!
* * * LOW HITPOINT WARNING * * *
Unknown command.
Casting: Flame Tongue (safe; 6% risk of failure)
Confirm with . or Enter, or press ? or * to list all spells.
Aiming: Flame Tongue (safe; 6% risk of failure)
Press: ? - help, Shift-Dir - straight line, f/p - galech's ghost
Aim: galech's ghost (severely damaged)
The flame tongue hits galech's ghost.
Galech's ghost appears unharmed.
Galech's ghost is severely damaged.
Galech's ghost hits you.
You die...

#######' #...!... .....
#....... .....o #....... #....
#....... +....
##########....... ###....
#................
......########................
#........W@................
#...#######...............#
#...#.....###'#############
#...#.#.#.# #.#
#...#...#.###.#############
#.#W..# #.#.#..))............
#.....# #.....#.#############
.#.#.#.#####.#..)....#
..(...........#.#.###....


You could see galech's ghost.

Vanquished Creatures
  A crimson imp (D:2)
  An orc priest (D:4)
  An adder (D:3)
  A worm (D:4)
  4 orcs
  A ball python (D:1)
  A giant cockroach (D:3)
  3 goblins
  5 hobgoblins
  4 kobolds
  A bat (D:2)
  A quokka skeleton (D:4)
  9 rats
33 creatures vanquished.

Vanquished Creatures (others)
  An orc (D:3)
  4 jackals (D:3)
5 creatures vanquished.

Grand Total: 38 creatures vanquished

Notes
Turn   | Place    | Note
-------+----------+-------------------------------------------
     0 | D:1      | 4thArraOfDagon the Mummy Fire Elementalist began the quest for the Orb.
     0 | D:1      | Reached XP level 1. HP: 13/13 MP: 4/4
   120 | D:1      | Reached skill level 1 in Conjurations
   233 | D:2      | Noticed a crimson imp
   247 | D:2      | Found a sacrificial altar of Ru.
   247 | D:2      | Found a glowing golden altar of the Shining One.
   252 | D:2      | Reached XP level 2. HP: 19/19 MP: 2/5
   322 | D:2      | Killed a crimson imp
   322 | D:2      | Reached XP level 3. HP: 19/24 MP: 3/7
   331 | D:2      | Learned a level 3 spell: Conjure Flame
   388 | D:3      | Found a faded altar of an unknown god.
   444 | D:3      | Found a shattered altar of Ashenzari.
   477 | D:3      | Reached XP level 4. HP: 12/30 MP: 0/9
   505 | D:4      | Learned a level 4 spell: Sticky Flame
   622 | D:4      | Noticed galech's ghost (novice GnWn)
   627 | D:4      | Noticed an orc warrior
   651 | D:4      | Slain by galech's ghost

Vault maps used:
D:1:      sevenhm_arrival_forest_fort_large_1
D:2:      gammafunk_temple_overflow_wave, minmay_misc_feat_roman
D:3:      overflow_temple_1_default, fiery_altar_vehumet,
          lightli_temple_of_fire, gammafunk_temple_overflow_forgotten,
          chequers_ecumenical_altar_simple_redux, st_stairs_7,
          evilmike_ruin_ashenzari, uniq_robin
D:4:      minmay_temple_entry_butterflies

Skill      XL: |  1  2  3 |
---------------+----------+-----
Conjurations   | 1 2 |  2.3
Spellcasting   | 3 |  3.5
Fire Magic     | 3 |  3.4
Dodging        | |  1.5
Stealth        | |  1.5

Action                   |  1- 3 |  4- 6 || total
-------------------------+-------+-------++-------
Melee: Unarmed           |     1 |       ||     1
       Falchion          |    21 |     1 ||    22
 Cast: Flame Tongue      |    32 |    15 ||    47
       Conjure Flame     |       |     1 ||     1
Evoke: Wand              |       |    11 ||    11
Armor: Robe              |     6 |     1 ||     7
Dodge: Dodged            |    22 |     8 ||    30
       Rpst.: Falchion   |     6 |     2 ||     8

Table legend:
 A = Spawn XP
 B = Non-spawn XP
 C = Spawn XP percentage of total XP
 D = Spawn monster count
 E = Non-spawn monster count
 F = Spawn count percentage of total count
 G = Total turns spent on level
                    A         B        C        D         E        F      G
               +---------+---------+-------+---------+---------+-------+---------
         Total |       0 |     156 |   0.0 |       0 |      33 |   0.0 |   651
               +---------+---------+-------+---------+---------+-------+---------
           D:1 |       0 |       5 |   0.0 |       0 |       4 |   0.0 |   125
           D:2 |       0 |      64 |   0.0 |       0 |      11 |   0.0 |   263
           D:3 |       0 |      31 |   0.0 |       0 |      12 |   0.0 |   108
           D:4 |       0 |      56 |   0.0 |       0 |       6 |   0.0 |   155
               +---------+---------+-------+---------+---------+-------+---------
